 Dungeon Crawl Stone Soup version 0.26.1-11-gd32895ea62 (webtiles) character file.

Game seed: 15077590599311157912

40 Almogavar the Magician (level 3, -1/25 HPs)
             Began as a Gnoll Wanderer on June 19, 2021.
             Killed from afar by Sigmund (3 damage)
             ... with a puff of flame
             ... on level 2 of the Dungeon.
             The game lasted 00:05:51 (1891 turns).

Almogavar the Magician (Gnoll Wanderer)             Turns: 1891, Time: 00:05:53

Health: -1/25      AC:  4    Str: 17    XL:     3   Next: 50%
Magic:  7/11       EV: 11    Int: 20    God:
Gold:   57         SH:  5    Dex: 12    Spells: 14/16 levels left

rFire    . . .     SeeInvis .   o - +2 dagger (drain)
rCold    . . .     Faith    .   (no shield)
rNeg     . . .     Spirit   .   g - +2 robe {Will+}
rPois    .         Reflect  +   (no helmet)
rElec    .         Harm     .   (no cloak)
rCorr    .         Rampage  .   (no gloves)
Will     +....                  (no boots)
Stlth    ++........             l - amulet of reflection
HPRegen  0.08/turn              n - +6 ring of intelligence
MPRegen  0.12/turn              (no ring)

@: brilliant
A: distributed training, fangs 1, strong nose
a: no special abilities


You were on level 2 of the Dungeon.
You visited 1 branch of the dungeon, and saw 2 of its levels.

You collected 57 gold pieces.

Inventory:

Hand Weapons
 o - a +2 dagger of draining (weapon)
Armour
 g - a +2 robe of willpower (worn)
 h - a +0 buckler
Jewellery
 f - a cursed -4 ring of dexterity {unknown}
 l - an amulet of reflection (around neck)
 n - a +6 ring of intelligence (left hand)
Scrolls
 b - a scroll of remove curse {unknown}
 d - a scroll of amnesia {unknown}
 j - a scroll of enchant armour {unknown}
 p - 2 scrolls of identify {unknown}
Potions
 c - a potion of lignification
 e - a potion of degeneration {unknown}
 k - a potion of attraction {unknown}
 m - a potion of might {unknown}


   Skills:
 + Level 0.8 Fighting
 + Level 0.8 Short Blades
 + Level 0.8 Long Blades
 + Level 0.8 Axes
 + Level 0.8 Maces & Flails
 + Level 0.8 Polearms
 + Level 0.8 Staves
 + Level 0.8 Slings
 + Level 0.8 Bows
 + Level 0.8 Crossbows
 + Level 2.6 Throwing
 + Level 0.8 Armour
 + Level 0.8 Dodging
 + Level 2.4 Stealth
 + Level 0.8 Shields
 + Level 0.8 Unarmed Combat
 + Level 7.1 Spellcasting
 + Level 0.5 Conjurations
 + Level 0.5 Hexes
 + Level 0.5 Summonings
 + Level 3.7 Necromancy
 + Level 2.1 Translocations
 + Level 2.1 Transmutations
 + Level 0.5 Fire Magic
 + Level 2.1 Ice Magic
 + Level 0.5 Air Magic
 + Level 0.5 Earth Magic
 + Level 0.5 Poison Magic
 + Level 1.0 Invocations
 + Level 0.8 Evocations


You had 14 spell levels left.
You knew the following spells:

 Your Spells              Type           Power        Failure   Level
a - Pain                  Necr           100%         1%          1
b - Animate Skeleton      Necr           66%          1%          1

Your spell library contained the following spells:

 Spells                   Type           Power        Failure   Level
 Apportation              Tloc           46%          3%          1
 Vampiric Draining        Necr           16%          6%          3
 Teleport Other           Tloc           23%          12%         3
 Animate Dead             Necr           16%          21%         4
 Agony                    Necr           33%          50%         5


Dungeon Overview and Level Annotations

Branches:
Dungeon (2/15)

Altars:

Annotations:
D:2 Sigmund


Innate Abilities, Weirdness & Mutations

Your experience applies equally to all skills.
You have very sharp teeth.
Your uncanny sense of smell can sniff out nearby items.


Message History

Aiming: Pain (safe; 1% risk of failure)
Press: ? - help, Shift-Dir - straight line, f/p - Sigmund
Aim: Sigmund, wielding a +0 scythe and wearing a +0 robe (heavily wounded, chance to affect: 87%) Sigmund writhes in agony.
Sigmund gestures at you while chanting. The magic dart hits you!
* * * LOW HITPOINT WARNING * * *
It was a potion of brilliance.
You feel clever all of a sudden. Sigmund casts a spell at you.
You resist with almost no effort.
Casting: Pain (safe; 1% risk of failure)
Confirm with . or Enter, or press ? or * to list all spells.
Aiming: Pain (safe; 1% risk of failure)
Press: ? - help, Shift-Dir - straight line, f/p - Sigmund
Aim: Sigmund, wielding a +0 scythe and wearing a +0 robe (severely wounded, chance to affect: 89%)
You feel a surge of power!
Sigmund writhes in agony!
Sigmund points at you and mumbles some strange words.
The puff of flame hits you.
You die...

##.## ..? . ...
..# ... .. #.#
#.##.#####.#
#.@........# #@#
#.# ########.#
#........#
#.#####..# #..#
#####..###
#........#
.>.###....########


You could see Sigmund.

Vanquished Creatures
  A dart slug (D:1)
  3 leopard geckos
  3 bats (D:1)
  A giant cockroach (D:1)
  3 goblins (D:1)
  4 hobgoblins (D:1)
  4 jackals
  5 kobolds
  6 frilled lizards
  2 rats
32 creatures vanquished.

Vanquished Creatures (collateral kills)
  A rat (D:1)
1 creature vanquished.

Grand Total: 33 creatures vanquished

Notes
Turn   | Place    | Note
-------+----------+-------------------------------------------
     0 | D:1      | Almogavar the Gnoll Wanderer began the quest for the Orb.
     0 | D:1      | Almogavar set off with the following items: a +0 club, a
                  | potion of lignification, a +0 robe; and the following
                  | spells available to memorise: Animate Skeleton, Pain,
                  | Apportation, Vampiric Draining, Teleport Other, Animate
                  | Dead, Agony
     0 | D:1      | Reached XP level 1. HP: 13/13 MP: 8/8
     2 | D:1      | Learned a level 1 spell: Pain
     4 | D:1      | Learned a level 1 spell: Animate Skeleton
    50 | D:1      | Reached XP level 2. HP: 4/19 MP: 1/10
   926 | D:1      | Reached XP level 3. HP: 21/25 MP: 7/11
  1786 | D:2      | Reached skill level 1 in Invocations
  1886 | D:2      | Noticed Sigmund
  1889 | D:2      | HP: 1/25 [Sigmund/magic dart (7)]
  1891 | D:2      | Killed from afar by Sigmund

Illustrated notes

Levels and vault maps discovered:
D:1:      dpeg_arrival_orchard, layout_basic
D:2:      layout_loops_corners, minmay_misc_feat_chi, uniq_sigmund, uniq_jessica

Skill      XL: |  1  2  3 |
---------------+----------+-----
Translocations | 2 |  2.1
Transmutations | 2 |  2.1
Ice Magic      | 2 |  2.1
Invocations    | 1 |  1.0
Fighting       | |  0.8
Short Blades   | |  0.8
Long Blades    | |  0.8
Axes           | |  0.8
Maces & Flails | |  0.8
Polearms       | |  0.8
Staves         | |  0.8
Slings         | |  0.8
Bows           | |  0.8
Crossbows      | |  0.8
Throwing       | |  2.6
Armour         | |  0.8
Dodging        | |  0.8
Stealth        | |  2.4
Shields        | |  0.8
Unarmed Combat | |  0.8
Spellcasting   | |  7.1
Conjurations   | |  0.5
Hexes          | |  0.5
Summonings     | |  0.5
Necromancy     | |  3.7
Fire Magic     | |  0.5
Air Magic      | |  0.5
Earth Magic    | |  0.5
Poison Magic   | |  0.5
Evocations     | |  0.8

Action                   || total
-------------------------++-------
Melee: Club              ||    10
       Bite              ||     1
 Cast: Pain              ||    54
       Animate Skeleton  ||     7
  Use: Potion            ||     1
 Stab: Sleeping          ||     1
Armor: Robe              ||     4
Dodge: Dodged            ||    12
